 Dungeon Sprint DCSS version 0.31-a0-18-gea43df2a32 (webtiles) character file.

Game seed: 5885598764162993117

15080 BigDaddyOpFi the End of an Era (level 12, 0/121 HPs)
             Began as a Hill Orc Fighter on May 12, 2023.
             Was the Champion of Qazlal.
             Constricted to death by a nagaraja (1 damage)
             ... in the Dungeon (Sprint VII: "The Pits").
             The game lasted 00:04:00 (3119 turns).

BigDaddyOpFi the End of an Era (Hill Orc Fighter)   Turns: 3119, Time: 00:04:00

Health: 0/121      AC: 18    Str: 24    XL:     12   Next: 23%
Magic:  19/27      EV:  4    Int: 11    God:    Qazlal [******]
Gold:   48         SH: 15    Dex: 10    Spells: 11/11 levels left

rFire   + . .        o - +1 broad axe (freeze)
rCold   . . .        c - +0 buckler
rNeg    . . .        e - +2 plate armour
rPois   .            (no helmet)
rElec   .            (no cloak)
rCorr   .            (no gloves)
SInv    .            (no boots)
Will    .....        (no amulet) Stlth
                     b - +3 ring of intelligence
HPRegen 0.40/turn    t - ring of protection from fire
MPRegen 0.20/turn

%: no teleportation, repel missiles
@: lethally poisoned (0 -> -45), constricted
A: no striking features
a: Renounce Religion, Upheaval, Elemental Force, Disaster Area


You were in the Dungeon.
You worshipped Qazlal.
Qazlal was exalted by your worship.
You visited 1 branch You collected 48 gold pieces.

Inventory:

Hand Weapons
 o - a +1 broad axe of freezing (weapon)
Armour
 c - a +0 buckler (worn)
 e - a +2 plate armour (worn)
Jewellery
 b - a +3 ring of intelligence (left hand)
 d - a +3 ring of intelligence
 t - a ring of protection from fire (right hand)
 v - a ring of protection from cold
Wands
 s - a wand of charming (4)
Scrolls
 a - 4 scrolls of fog
 j - a scroll of blinking
 p - 6 scrolls of enchant armour
 q - 2 scrolls of identify
 u - a scroll of fear
 w - a scroll of summoning
Potions
 f - 22 potions of heal wounds
 g - 2 potions of haste
 h - 4 potions of magic
 i - 4 potions of berserk rage
 k - 2 potions of invisibility
 l - 6 potions of curing
 m - 2 potions of brilliance
 n - a potion of might
 r - 2 potions of mutation


   Skills:
 + Level 15.5 Fighting
 + Level 16.6 Axes
 + Level 14.2 Armour
 + Level 14.4 Shields
 * Level 22.2 Invocations


You had 11 spell levels left.
You didn't know any spells.
Your spell library was empty.

Dungeon Overview and Level Annotations

Branches:
Dungeon (1/1)

Altars:
Ashenzari
Cheibriados
Dithmenos
Elyvilon
Fedhas
Gozag
Hepliaklqana
Kikubaaqudgha
Makhleb
Nemelex Xobeh
Okawaru
Qazlal
Ru
Sif Muna
Trog
Uskayaw
Vehumet
Wu Jian
Xom
Yredelemnul
Zin
The Shining One
Beogh
Jiyva
Lugonu


Message History

Activating: Disaster Area (0% risk of failure)
Press: ? - help, Dir - look around, f - activate Nature churns violently around you!
The blast of rubble hits the efreet!!!
You kill the efreet!
Qazlal accepts your kill.
The blast of rubble hits the nagaraja!!!
The nagaraja is severely wounded.
You hear a sizzling sound!
You feel sick.
The nagaraja casts a spell.
The nagaraja seems to speed up.
Unknown command.
You barely miss the nagaraja.
The nagaraja is severely wounded.
You feel sick.
The nagaraja gestures at you while chanting.
The bolt of poison hits you!!
You are more poisoned.
You barely miss the nagaraja.
The nagaraja is severely wounded.
You feel very sick. You block the nagaraja's attack. x2
You hit the nagaraja. You freeze the nagaraja.
The nagaraja is severely wounded.
You feel very sick. The nagaraja casts a spell at you.
The bolt of poison hits you!!
You are more poisoned.
The nagaraja gestures at you while chanting.
The poison arrow hits you!!
You are lethally poisoned!
* * * LOW HITPOINT WARNING * * *
You hit the nagaraja but do no damage.
The nagaraja is severely wounded.
* * * LOW HITPOINT WARNING * * *
You feel extremely sick. You block the nagaraja's attack.
The nagaraja grabs you. The nagaraja constricts you.
You die...

#################+#
....÷....≈.≈...○..#
..............§○@.#
++##############N.#
#..# #.≈# #.≈# #≈≈#
#≈≈# #).#


You could see a nagaraja (fast).

Vanquished Creatures
  A merfolk impaler (D)
  An entropy weaver (shapeshifter) (D)
  Erolcha (D)
  A two-headed ogre (D)
  A fire crab (D)
  A swamp dragon (D)
  2 bog bodies (D)
  A flayed ghost (D)
  A phantasmal warrior (D)
  A necromancer (D)
  A deep elf pyromancer (D)
  An orange demon (D)
  A black mamba (D)
  A guardian mummy (D)
  An efreet (D)
  An ice devil (D)
  2 hellwings (D)
  2 merfolk (D)
  A tarantella (D)
  A hornet (D)
  8 blink frogs (D)
  6 dream sheep (D)
  A small abomination (D)
  2 flying skulls (D)
  2 shadows (D)
  A spriggan (D)
  A wyvern (D)
  A wraith (D)
  3 yaks (D)
  A redback (D)
  2 basilisks (D)
  A floating eye (D)
  A swamp drake (D)
  A black bear (D)
  6 wolves (D)
  A centaur (D)
  A phantom (D)
  2 kobold brigands (D)
  A necrophage (D)
  A gnoll sergeant (D)
  A bullfrog (D)
  A scorpion (D)
  A crimson imp (D)
  An iguana (D)
  A gnoll bouda (D)
  An orc wizard (D)
  A hell rat (D)
  2 mummies (D)
  8 gnolls (D)
  A river rat (D)
  An ufetubus (D)
  An adder zombie (D)
  An adder skeleton (D)
  2 orcs (D)
  3 ball pythons (D)
  2 bats (D)
  A goblin (D)
  A hobgoblin (D)
  4 jackals (D)
  A ball python simulacrum (D)
  A ball python zombie (D)
  A bat simulacrum (D)
  A frilled lizard (D)
  A kobold (D)
  A quokka zombie (D)
106 creatures vanquished.

Vanquished Creatures (others)
  A bat (D)
1 creature vanquished.

Grand Total: 107 creatures vanquished

Notes
Turn   | Place    | Note
-------+----------+-------------------------------------------
     0 | D        | BigDaddyOpFi the Hill Orc Fighter began the quest for the
                  | Orb.
     0 | D        | Reached XP level 1. HP: 19/19 MP: 1/1
    21 | D        | Found a bloodstained altar of Trog.
    21 | D        | Found a shimmering blue altar of Sif Muna.
    21 | D        | Found a viscous altar of Jiyva.
    21 | D        | Found a hazy altar of Hepliaklqana.
    21 | D        | Found an opulent altar of Gozag.
    22 | D        | Found a glowing golden altar of the Shining One.
    22 | D        | Found a glowing silver altar of Zin.
    22 | D        | Found a basalt altar of Yredelemnul.
    22 | D        | Found a shimmering altar of Xom.
    22 | D        | Found an ornate altar of the Wu Jian Council.
    22 | D        | Found a sacrificial altar of Ru.
    22 | D        | Found a stormy altar of Qazlal.
    22 | D        | Found an iron altar of Okawaru.
    22 | D        | Found a sparkling altar of Nemelex Xobeh.
    22 | D        | Found a burning altar of Makhleb.
    22 | D        | Found a blossoming altar of Fedhas.
    22 | D        | Found a white marble altar of Elyvilon.
    22 | D        | Found a shadowy altar of Dithmenos.
    22 | D        | Found a snail-covered altar of Cheibriados.
    23 | D        | Found a radiant altar of Vehumet.
    23 | D        | Found a corrupted altar of Lugonu.
    23 | D        | Found a roughly hewn altar of Beogh.
    24 | D        | Found an ancient bone altar of Kikubaaqudgha.
    24 | D        | Found a hide-covered altar of Uskayaw.
    24 | D        | Found a broken altar of Ashenzari.
    27 | D        | Became a worshipper of Qazlal Stormbringer
    75 | D        | Noticed a scorpion
    81 | D        | Reached XP level 2. HP: 27/27 MP: 2/2
    93 | D        | Killed a scorpion
    94 | D        | Reached skill level 5 in Fighting
    94 | D        | Reached skill level 4 in Invocations
    94 | D        | Reached XP level 3. HP: 22/36 MP: 2/6
    94 | D        | Reached XP level 4. HP: 25/42 MP: 2/7
   253 | D        | Reached * piety under Qazlal
   256 | D        | Reached skill level 5 in Axes
   256 | D        | Reached skill level 5 in Invocations
   264 | D        | Noticed a flying skull
   269 | D        | Reached ** piety under Qazlal
   273 | D        | Reached skill level 5 in Shields
   285 | D        | Killed a flying skull
   286 | D        | Reached skill level 8 in Invocations
   286 | D        | Reached XP level 5. HP: 52/52 MP: 7/11
   286 | D        | Reached XP level 6. HP: 60/60 MP: 7/12
   467 | D        | Reached *** piety under Qazlal
   471 | D        | Reached skill level 9 in Invocations
   476 | D        | Reached **** piety under Qazlal
   483 | D        | Reached skill level 10 in Invocations
   487 | D        | Reached ***** piety under Qazlal
   488 | D        | Reached XP level 7. HP: 21/68 MP: 14/14
   508 | D        | Reached skill level 11 in Invocations
   803 | D        | Reached ****** piety under Qazlal
   804 | D        | Reached skill level 12 in Invocations
   804 | D        | Reached XP level 8. HP: 73/78 MP: 7/17
   809 | D        | Reached skill level 10 in Axes
   809 | D        | Reached skill level 13 in Invocations
  1014 | D        | Noticed a deep elf pyromancer
  1020 | D        | Killed a deep elf pyromancer
  1021 | D        | Reached skill level 10 in Fighting
  1021 | D        | Reached skill level 14 in Invocations
  1193 | D        | Noticed a wraith
  1203 | D        | Reached XP level 9. HP: 80/86 MP: 19/19
  1223 | D        | Noticed a phantasmal warrior
  1231 | D        | Killed a phantasmal warrior
  1232 | D        | Reached skill level 10 in Armour
  1232 | D        | Reached skill level 10 in Shields
  1232 | D        | Reached skill level 15 in Invocations
  1241 | D        | Noticed a hellwing
  1248 | D        | Killed a hellwing
  1249 | D        | Reached skill level 16 in Invocations
  1258 | D        | Noticed a flayed ghost
  1267 | D        | Killed a flayed ghost
  1268 | D        | Reached XP level 10. HP: 72/97 MP: 22/22
  1273 | D        | Noticed an entropy weaver
  1276 | D        | Noticed an orange demon
  1277 | D        | Killed an orange demon
  1278 | D        | Reached skill level 17 in Invocations
  1287 | D        | Killed an entropy weaver
  1288 | D        | Reached skill level 18 in Invocations
  1288 | D        | Noticed a fire crab
  1288 | D        | Noticed a two-headed ogre
  1292 | D        | Killed a two-headed ogre
  1292 | D        | Killed a fire crab
  1293 | D        | Reached skill level 19 in Invocations
  1293 | D        | Reached XP level 11. HP: 13/107 MP: 8/24
  1559 | D        | Noticed a bog body
  1571 | D        | Killed a bog body
  1572 | D        | Reached skill level 15 in Axes
  1572 | D        | Reached skill level 20 in Invocations
  1976 | D        | Noticed a necromancer
  1980 | D        | Killed a necromancer
  2059 | D        | Noticed a swamp dragon
  2066 | D        | Killed a swamp dragon
  2067 | D        | Reached skill level 21 in Invocations
  2335 | D        | Noticed Erolcha
  2337 | D        | Killed Erolcha
  2668 | D        | Noticed a merfolk impaler
  2672 | D        | Killed a merfolk impaler
  2673 | D        | Reached skill level 15 in Fighting
  2673 | D        | Reached XP level 12. HP: 109/121 MP: 17/26
  2708 | D        | Reached skill level 22 in Invocations
  3111 | D        | Noticed a nagaraja
  3119 | D        | HP: 1/121 [poisoned by a nagaraja (poison arrow)]
  3119 | D        | Constricted to death by a nagaraja

Illustrated notes

Levels and vault maps discovered:
D:        pitsprint [storerooms_1, entrance_room_1, metal_vault_6, armoury_3,
          mini_pit_1, grid_room_1, main_hall_1, silver_pit, the_coven_2,
          the_vestibule_1, steel_vault_5, golden_pit, hallway_of_sentries,
          crystal_vault_6, iron_vault_1, final_vault]

Skill      XL: |  1  2  3  4  5  6  7  8  9 10 11 12 |
---------------+-------------------------------------+-----
Fighting       | 4 5 7 8 9 10 11 13 15 | 15.5
Axes           | 3 4 6 8 9 10 12 14 16 | 16.6
Armour         | 4 6 7 8 9 10 12 13 14 | 14.2
Shields        | 4 6 7 8 9 10 12 14 | 14.4
Invocations    | 4 8 10 12 14 16 19 21 22 | 22.2

Action                     |  1- 3 |  4- 6 |  7- 9 | 10-12 || total
---------------------------+-------+-------+-------+-------++-------
  Melee: War axe           |    23 |    48 |    26 |       ||    97
         Broad axe         |       |       |    42 |    86 ||   128
 Invoke: Disaster Area     |       |       |     1 |     8 ||     9
    Use: Potion            |     1 |     3 |       |       ||     4
 Armour: Scale mail        |    19 |     7 |       |       ||    26
         Plate armour      |       |    13 |    29 |    47 ||    89
  Dodge: Dodged            |    12 |    25 |    17 |    24 ||    78
  Block: Buckler           |     7 |    32 |    53 |    72 ||   164

Table legend: (Time is in decaauts)
 A = Elapsed time spent in this place.
 B = Non-inter-level travel time spent in this place.
 C = Inter-level travel time spent in this place.
 D = Time resting spent in this place.
 E = Time spent auto-exploring this place.
 F = Levels seen in this place.
 G = Mean time per level.
                   A        B        C        D        E       F      G
               +--------+--------+--------+--------+--------+-----+--------+
         Total |   3142 |   3046 |     96 |   2315 |      0 |   1 | 3142.0 |
       Dungeon |   3142 |   3046 |     96 |   2315 |      0 |   1 | 3142.0 |
               +--------+--------+--------+--------+--------+-----+--------+

Top non-repeatable levels by time:
       D: 3142 daAuts
